AoeStats
← Kiritastrich

Arabia

513796825Analyzed
1v1 RM · 3d ago on Oct 15, 2026· 20m 9s· 2 players
Game mode
Random Map
Map size
Tiny (2 player)
Population
200
Speed
Normal
Resources
Standard
Victory
Conquest
Starting age
Dark Age
Ending age
Imperial Age
RankedLock teamsTeams togetherTeam positionsShared explorationLock speedFull tech treeHidden civsTurbo modeCheats
Victory
Defeat
🇷🇺 Malians · Russia
1860
+10
vs
🇩🇰 Hindustanis · Denmark
1732
-10
Kiritastrich
5:03 Loom
11:07 Feudal Age
15:03 Castle Age
14:29 Scale Mail Armor
17:03 Squires
aDT_Flempopo
6:42 Loom
10:20 Feudal Age
10:57 Double-Bit Axe
11:01 Horse Collar
18:11 Castle Age
17:53 Scale Barding Armor
18:07 Fletching
18:51 Bodkin Arrow
18:50 Crossbowman
Connection lost

Rejoining the realm…

Still unreachable

The connection could not be restored.

Session expired

The server has moved on; the page needs a fresh start.